details: '1.24e anti hack works 3's RT 13.00'

« prev index next »

General information

Mini Map

Players

team 1
UndeadJusT.zlAy (yellow | 151 APM | 1964 actions | 12:59)
Hero icon 2 Tauren Chieftain
Ability icon 2 War Stomp
Hero icon 4 Death Knight
Ability icon 2 Death Coil
Ability icon 2 Unholy Aura
Hero icon 2 Lich
Ability icon 1 Frost Nova
Ability icon 1 Dark Ritual

» actions
Assign group hotkey22
Basic commands47
Build / train96
ESC pressed4
Enter build submenu26
Enter hero's abilities submenu8
Right click671
Select / deselect269
Select group hotkey745
Use ability76
1964 total
» units
Acolyte2
Peon14
Ghoul5
Grunt7
Crypt Fiend5
Shaman3
Obsidian Statue4
Tauren1
41 total
» upgrades
Creature Attack2
Burrow1
Berserker Strength1
Destroyer Form1
Web1
6 total
» buildings
Graveyard1
Crypt1
Orc Burrow5
Barracks1
Altar of Darkness1
Ziggurat3
Tomb of Relics1
Voodoo Lounge1
Stronghold2
Halls of the Dead5
War Mill1
Great Hall1
Fortress4
Black Citadel5
Watch Tower1
Nerubian Tower1
Spirit Tower1
Slaughterhouse2
Tauren Totem2
39 total
» build order
00:09 Graveyard
00:20 Crypt
00:27 Orc Burrow
00:36 Barracks
00:44 Altar of Darkness
00:56 Ziggurat
01:30 Tomb of Relics
01:44 Orc Burrow
02:04 Ziggurat
02:18 Voodoo Lounge
03:19 Stronghold
03:20 Stronghold
03:47 Orc Burrow
04:05 Halls of the Dead
04:05 Halls of the Dead
04:58 Ziggurat
06:46 Orc Burrow
07:24 War Mill
07:58 Great Hall
08:26 Fortress
08:26 Fortress
08:26 Fortress
09:08 Black Citadel
09:08 Black Citadel
09:08 Black Citadel
10:00 Watch Tower
10:12 Nerubian Tower
10:13 Spirit Tower
10:48 Slaughterhouse
10:51 Slaughterhouse
11:20 Tauren Totem
11:23 Tauren Totem
11:29 Orc Burrow
» items
Rod of Necromancy1
Dust of Appearance1
Healing Salve2
Scroll of Town Portal1
Potion of Healing2
Lesser Clarity Potion3
10 total
NightElfgreendestiny (orange | 113 APM | 1469 actions | 13:00)
Hero icon 2 Tauren Chieftain
Ability icon 2 Endurance Aura
Hero icon 3 Priestess of the Moon
Ability icon 2 Trueshot Aura
Ability icon 1 Searing Arrows

» actions
Assign group hotkey86
Basic commands145
Build / train60
Enter build submenu27
Enter hero's abilities submenu5
Right click529
Select / deselect333
Select group hotkey211
Use ability73
1469 total
» units
Wisp17
Peon4
Huntress9
Shaman1
Dryad1
Hippogryph1
33 total
» upgrades
Ultravision1
Strength of the Moon2
Shaman Training2
Moon Armor1
Sentinel1
Druid of the Claw Training1
Druid of the Talon Training1
9 total
» buildings
Altar of Elders1
Ancient of War2
Moon Well5
Hunter's Hall1
Voodoo Lounge1
Orc Burrow1
Spirit Lodge1
Tree of Ages2
Watch Tower4
Tree of Life1
Ancient of Lore1
Ancient of Wind1
21 total
» build order
00:07 Altar of Elders
00:19 Ancient of War
01:23 Moon Well
01:25 Moon Well
02:19 Hunter's Hall
02:47 Ancient of War
02:57 Voodoo Lounge
03:27 Moon Well
04:16 Moon Well
06:04 Orc Burrow
06:28 Spirit Lodge
07:09 Tree of Ages
07:09 Tree of Ages
08:20 Moon Well
09:42 Watch Tower
10:06 Watch Tower
10:14 Watch Tower
10:15 Watch Tower
10:18 Tree of Life
10:40 Ancient of Lore
10:45 Ancient of Wind
OrcPMN (green | 40 APM | 10 actions | 00:15)

» actions
Build / train2
Enter build submenu1
Right click3
Select / deselect3
Use ability1
10 total
» units
Peon2
2 total
» buildings
Altar of Storms1
1 total
» build order
00:08 Altar of Storms
team 2
UndeadGooD58RU (blue | 422 APM | 5475 actions | 12:59)
Hero icon 1 Death Knight
Ability icon 1 Death Coil
Hero icon 1 Lich
Ability icon 1 Frost Nova
Hero icon 1 Crypt Lord
Ability icon 1 Impale

» actions
Assign group hotkey9
Basic commands23
Build / train33
ESC pressed3
Enter build submenu11
Enter hero's abilities submenu3
Give item / drop item1
Right click109
Select / deselect159
Select group hotkey79
Use ability5045
5475 total
» units
Acolyte2
Ghoul6
Crypt Fiend3
Frost Wyrm1
12 total
» buildings
Altar of Darkness5017
Crypt1
Graveyard1
Ziggurat5
Tomb of Relics1
Halls of the Dead2
Sacrificial Pit1
Black Citadel2
Nerubian Tower2
Spirit Tower3
Boneyard2
5037 total
» build order
00:10 Altar of Darkness
00:10 Altar of Darkness
00:10 Altar of Darkness
00:10 Altar of Darkness
00:11 Altar of Darkness
00:11 Altar of Darkness
00:11 Altar of Darkness
00:11 Altar of Darkness
00:12 Altar of Darkness
00:12 Altar of Darkness
00:12 Altar of Darkness
00:12 Altar of Darkness
00:52 Crypt
00:57 Graveyard
01:01 Altar of Darkness
01:09 Ziggurat
01:39 Tomb of Relics
02:00 Ziggurat
04:02 Halls of the Dead
04:02 Halls of the Dead
06:09 Ziggurat
06:11 Ziggurat
06:12 Ziggurat
07:07 Sacrificial Pit
07:09 Black Citadel
07:09 Black Citadel
07:31 Nerubian Tower
07:32 Nerubian Tower
07:33 Spirit Tower
07:33 Spirit Tower
09:42 Boneyard
09:48 Boneyard
11:37 Spirit Tower
» items
Rod of Necromancy1
Scroll of Town Portal1
Orb of Corruption1
3 total
NightElfS_T_E_R_N_I (pink | 86 APM | 1105 actions | 12:48)
Hero icon 3 Dark Ranger
Ability icon 2 Black Arrow
Ability icon 1 Silence
Hero icon 1 Priestess of the Moon
Ability icon 1 Trueshot Aura

» actions
Assign group hotkey41
Build / train54
Enter build submenu15
Enter hero's abilities submenu4
Give item / drop item2
Remove unit from queue2
Right click523
Select / deselect213
Select group hotkey218
Use ability33
1105 total
» units
Wisp17
Archer11
Dryad7
35 total
» upgrades
Strength of the Wild1
Reinforced Hides1
Abolish Magic1
3 total
» buildings
Ancient of War1
Moon Well5
Altar of Elders1
Tree of Ages3
Hunter's Hall1
Ancient of Wonders2
Ancient of Lore5
18 total
» build order
00:19 Ancient of War
00:33 Moon Well
00:48 Altar of Elders
01:21 Moon Well
02:49 Tree of Ages
02:49 Tree of Ages
03:33 Moon Well
04:05 Hunter's Hall
04:57 Ancient of Wonders
06:03 Ancient of Lore
06:05 Ancient of Lore
07:22 Ancient of Lore
07:23 Ancient of Lore
07:34 Ancient of Lore
07:46 Moon Well
08:23 Ancient of Wonders
11:13 Moon Well
» items
Scroll of Town Portal1
Scroll of Healing1
2 total
Random» NightElfChandraNalaar (red | 28 APM | 262 actions | 09:12)
Hero icon 1 Demon Hunter
Ability icon 1 Mana Burn
Hero icon 1 Priestess of the Moon
Ability icon 1 Searing Arrows

» actions
Assign group hotkey15
Basic commands4
Build / train27
Enter build submenu11
Enter hero's abilities submenu2
Right click58
Select / deselect74
Select group hotkey49
Use ability22
262 total
» units
Wisp11
Archer6
Huntress2
Druid of the Claw1
20 total
» buildings
Moon Well5
Altar of Elders1
Ancient of War2
Ancient of Wonders1
Tree of Ages1
Hunter's Hall1
Ancient of Lore1
Tree of Eternity1
13 total
» build order
00:07 Moon Well
00:09 Altar of Elders
00:46 Ancient of War
01:38 Moon Well
02:18 Ancient of Wonders
03:21 Tree of Ages
03:45 Hunter's Hall
04:55 Moon Well
05:52 Ancient of War
06:11 Ancient of Lore
06:49 Moon Well
06:57 Moon Well
07:58 Tree of Eternity
» items
Scroll of Town Portal1
1 total

Chat log

(00:12 / Allies) JusT.zlAy: 10 gold plz elf
(00:13 / Allies) JusT.zlAy: 100
(00:15 / All) greendestiny: pwn
(00:52 / Allies) JusT.zlAy: what we do?
(00:55 / Allies) greendestiny: mass
(00:57 / Allies) greendestiny: tc potm
(00:58 / Allies) JusT.zlAy: k
(00:58 / Allies) greendestiny: dk
(01:30 / Allies) greendestiny: antihack rules :D
(01:34 / Allies) JusT.zlAy: yes
(01:49 / Allies) greendestiny: shit I forgot food in my base
(01:57 / All) JusT.zlAy: teamkill your ally
(01:59 / All) JusT.zlAy: he is hacker

(03:14 / Allies) JusT.zlAy: i control orc
(03:17 / Allies) greendestiny: sry
(03:17 / Allies) greendestiny: ok
(04:03 / Allies) JusT.zlAy: k
(04:35 / Allies) greendestiny: gj
(04:36 / Allies) greendestiny: haha

(05:45 / Allies) greendestiny: I tp?
(05:48 / Allies) JusT.zlAy: y

(07:58 / All) S_T_E_R_N_I: red hacks
(08:08 / Allies) greendestiny: no kidding
(08:09 / All) JusT.zlAy: yes
(08:11 / All) JusT.zlAy: tk him plz
(08:14 / All) JusT.zlAy: he is drop hacker
(09:04 / Allies) greendestiny: main
(09:06 / All) S_T_E_R_N_I: let him die
(09:19 / All) S_T_E_R_N_I: god i hate such fuckers
(09:20 / Allies) JusT.zlAy: gj
(09:24 / Allies) greendestiny: u 2
(09:28 / All) JusT.zlAy: me2
(09:28 / Allies) greendestiny: antihack FTW
(09:38 / All) S_T_E_R_N_I: i belive its hopeless to play rt
(09:41 / All) S_T_E_R_N_I: 50% hackers
(09:44 / All) S_T_E_R_N_I: who sucks

(12:56 / Allies) greendestiny: web?